 Dungeon Crawl Stone Soup version 0.18.1-50-g88ac8fd (webtiles) character file.

231 Gargoyl the Skirmisher (level 5, -8/43 HPs)
             Began as a Demonspawn Abyssal Knight on Sept 16, 2016.
             Was a Believer of Lugonu.
             Killed from afar by a jackal (43 damage)
             ... with an exploding inner flame
             ... hexed by the player character
             ... in a sewer on Sept 18, 2016.
             The game lasted 00:05:37 (2808 turns).

Gargoyl the Skirmisher (Demonspawn Abyssal Knight)  Turns: 2808, Time: 00:05:39

Health: -8/43      AC:  4    Str: 14    XL:     5   Next: 73%
Magic:  7/7        EV: 14    Int: 13    God:    Lugonu [**....]
Gold:   81         SH:  0    Dex: 10    Spells: 0 memorised, 4 levels left

rFire  . . .     SeeInvis .     a - +1 hand axe
rCold  + . .     Gourm    .     b - +1 leather armour
rNeg   . . .     Faith    .     (no shield)
rPois  .         Spirit   .     (helmet restricted)
rElec  .         Dismiss  .     (no cloak)
rCorr  .         Reflect  .     (no gloves)
SustAt .         Harm     .     (no boots)
MR     .....                    (no amulet)
Stlth  +.........               (no ring)
                                (no ring)

@: not resistant to hostile enchantments, very unstealthy
A: hooves 1, horns 1, repulsion field 1, clumsy 1, cold resistance 1
a: Depart the Abyss, Bend Space, Renounce Religion


You were in a sewer.
You worshipped Lugonu.
Lugonu was pleased with you.
You were not hungry.

You visited 1 branch of the dungeon, and saw 3 of its levels.
You visited the Abyss 1 time.
You also visited: Sewer.

You collected 81 gold pieces.

Inventory:

Hand Weapons
 a - a +1 hand axe (weapon)
Armour
 b - a +1 leather armour (worn)
Wands
 d - a wand of digging (20/24)
Comestibles
 c - 5 bread rations
 f - a beef jerky
 g - a meat ration


   Skills:
 + Level 4.4 Fighting
 + Level 2.9 Axes
 + Level 2.5 Armour
 + Level 2.8 Dodging
 + Level 2.8 Invocations


You had 4 spell levels left.
You didn't know any spells.

Dungeon Overview and Level Annotations

Branches:
Dungeon (3/15)

Altars:
Okawaru
Pakellas

Shops:
D:2 }


Innate Abilities, Weirdness & Mutations

You have large cloven feet.
You are surrounded by a mild repulsion field (EV +2).
You have a pair of small horns on your head.
You are clumsy. (Dex -2)
Your flesh is cold resistant.


Message History

The kobold splashes around in the water.
The jackal splashes around in the water.
The jackal splashes around in the water.
Why would you want to do that? Why would you want to do that?
The jackal bites you. The kobold misses you.
The jackal bites you but does no damage.
You hit the kobold.
The kobold explodes!
The fiery explosion engulfs the kobold.
The kobold explodes!
The fiery explosion engulfs the big kobold.
The big kobold explodes!
Lugonu accepts your kill.
You hear a splash. x4
The fiery explosion engulfs the jackal.
The jackal explodes!
The fiery explosion engulfs you!
Ouch! That really hurt!
You die...

#K§§≈≈≈.# #§§≈≈≈≈≈#
#§§§≈≈≈≈# #§§§≈≈≈≈#
#K≈≈≈≈≈.# #§§≈≈≈≈.#
###############§§§≈≈≈%#
≈≈≈≈≈≈≈≈≈≈≈≈≈≈§§§§≈≈.≈#
###############§@§§≈≈.#
##≈≈≈≈.## #.≈≈≈.#
#.≈≈≈.### #.≈≈≈..∩#
#.≈≈≈.### #.≈≈≈.#
##≈≈≈## #≈≈≈#


You could see a kobold (inner flame).

Vanquished Creatures
  A big kobold (Sewer)
  An iron imp (Abyss:2)
  5 adders
  3 river rats
  2 oozes (D:2)
  2 worms
  A giant gecko (D:1)
  3 orcs (D:3)
  4 bats
  3 giant cockroaches
  5 goblins
  3 hobgoblins
  A jackal (Sewer)
  6 kobolds
  2 quokkas (D:2)
  3 giant newts
  8 rats
53 creatures vanquished.

Vanquished Creatures (others)
  A starspawn tentacle (Abyss:2)
  3 starspawn tentacle segments (Abyss:2)
4 creatures vanquished.

Grand Total: 57 creatures vanquished

Notes
Turn   | Place    | Note
--------------------------------------------------------------
     0 | Abyss:1  | Gargoyl the Demonspawn Abyssal Knight began the quest for the Orb.
     0 | Abyss:1  | Reached XP level 1. HP: 18/18 MP: 2/2
    42 | Abyss:2  | Noticed an iron imp
    63 | Abyss:2  | Noticed a small abomination
    63 | Abyss:2  | Killed an iron imp
    63 | Abyss:2  | Reached skill level 1 in Dodging
    63 | Abyss:2  | Gained mutation: You have large cloven feet. [demonic ancestry]
    63 | Abyss:2  | Reached XP level 2. HP: 5/24 MP: 4/4
    82 | Abyss:2  | Noticed a tentacled starspawn
    84 | D:1      | Escaped the Abyss
   322 | D:1      | Reached XP level 3. HP: 27/29 MP: 5/5
   349 | D:1      | Reached * piety under Lugonu
  1050 | D:2      | Reached skill level 4 in Fighting
  1351 | D:2      | Reached XP level 4. HP: 29/37 MP: 6/6
  1418 | D:2      | Found an iron altar of Okawaru.
  1851 | D:2      | Found an oddly glowing altar of Pakellas.
  1851 | D:2      | Found Pakellas's Prime Provisions.
  2522 | D:3      | Reached ** piety under Lugonu
  2522 | D:3      | Gained mutation: You are surrounded by a mild repulsion field (EV +2). [demonic ancestry]
  2522 | D:3      | Reached XP level 5. HP: 20/42 MP: 7/7
  2523 | D:3      | Found a glowing drain.
  2534 | Sewer    | Entered a sewer
  2535 | Sewer    | Gained mutation: You are clumsy. (Dex -2) [potion of mutation]
  2535 | Sewer    | Gained mutation: Your flesh is cold resistant. [potion of mutation]
  2535 | Sewer    | Gained mutation: You have a pair of small horns on your head. [potion of mutation]
  2808 | Sewer    | Killed from afar by a jackal

Skill      XL: |  1  2  3  4 |
---------------+-------------+-----
Axes           | 2 |  2.9
Dodging        | 1 2 |  2.8
Armour         | 2 |  2.5
Fighting       | 4 |  4.4
Invocations    | |  2.8

Action                   |  1- 3 |  4- 6 || total
-------------------------+-------+-------++-------
Melee: Hand axe          |    91 |   134 ||   225
       Kick              |     8 |    27 ||    35
Invok: Depart the Abyss  |     1 |       ||     1
  Use: Scroll            |       |     7 ||     7
       Potion            |       |     3 ||     3
  Eat: Chunk             |     2 |     5 ||     7
Armor: Leather armour    |    31 |    37 ||    68
       Skin              |       |    19 ||    19
Dodge: Dodged            |    72 |    99 ||   171
